| TOP OF THE 1ST |
|
New York Yankees batting - Pitching for Boston Red Sox : LHP Victor Rose
|
|
Pitching: LHP Victor Rose
|
|
|
Batting: SHB Jerry Manuel
|
0-0: Fly out, F7 (Flyball, 7D, EV 111.9 MPH)
|
|
Batting: LHB Wade Boggs
|
0-0: SINGLE (Groundball, 4M, EV 95.6 MPH) (infield hit)
|
|
Batting: LHB Kent Hrbek
|
0-0: Ball 1-0: Ball Wild Pitch! Wade Boggs to second 2-0: Foul Ball, location: 2F 2-1: Ball 3-1: Base on Balls
|
|
Batting: RHB Pedro Guerrero
|
0-0: Ball 1-0: Ball 2-0: Swinging Strike 2-1: Ball 3-1: Base on Balls Wade Boggs to third Kent Hrbek to second
|
|
Batting: LHB George Kaage
|
0-0: Called Strike 0-1: Grounds into double play, 4-6-3 (Groundball, 4, EV 103.8 MPH)
|
| Top of the 1st over - 0 runs, 1 hit, 0 errors, 2 left on base; New York 0 - Boston 0 |
| BOTTOM OF THE 1ST |
|
Boston Red Sox batting - Pitching for New York Yankees : RHP Mike Parrott
|
|
Pitching: RHP Mike Parrott
|
|
|
Batting: SHB Nelson Norman
|
0-0: Swinging Strike 0-1: Ball 1-1: Called Strike 1-2: Ball 2-2: Strikes out swinging
|
|
Batting: LHB Willie Aikens
|
0-0: Called Strike 0-1: Called Strike 0-2: Ball 1-2: Strikes out swinging
|
|
Batting: LHB George Brett
|
0-0: Ball 1-0: Fly out, F5 (Popup, 5SF, EV 63.1 MPH)
|
| Bottom of the 1st over - 0 runs, 0 hits, 0 errors, 0 left on base; New York 0 - Boston 0 |
| TOP OF THE 2ND |
|
New York Yankees batting - Pitching for Boston Red Sox : LHP Victor Rose
|
|
Batting: RHB David Hall
|
0-0: Called Strike 0-1: Called Strike 0-2: Foul Ball, location: 2F 0-2: Ball 1-2: Strikes out swinging
|
|
Batting: RHB Emanuel Cortez
|
0-0: Ball 1-0: Foul Ball, location: 2F 1-1: Ground out U3 (Groundball, 3, EV 96.9 MPH)
|
|
Batting: SHB Tim Raines
|
0-0: Ball 1-0: Ball 2-0: Called Strike 2-1: Called Strike 2-2: Fly out, F9 (Flyball, 9LM, EV 96.9 MPH)
|
| Top of the 2nd over - 0 runs, 0 hits, 0 errors, 0 left on base; New York 0 - Boston 0 |
| BOTTOM OF THE 2ND |
|
Boston Red Sox batting - Pitching for New York Yankees : RHP Mike Parrott
|
|
Batting: LHB Claudell Washington
|
0-0: Ball 1-0: Ball 2-0: Foul Ball, location: 2F 2-1: Foul Ball, location: 2F 2-2: Foul Ball, location: 2F 2-2: Foul Ball, location: 2F 2-2: Foul Ball, location: 2F 2-2: Ball 3-2: Base on Balls
|
|
Batting: RHB Richie Zisk
|
0-0: Ball 1-0: Grounds into double play, 6-4-3 (Groundball, 6MD, EV 78.1 MPH)
|
|
Batting: SHB Scotti Madison
|
0-0: Ball 1-0: Swinging Strike 1-1: Ball 2-1: Ball 3-1: Foul Ball, location: 2F 3-2: Strikes out swinging
|
| Bottom of the 2nd over - 0 runs, 0 hits, 0 errors, 0 left on base; New York 0 - Boston 0 |
| TOP OF THE 3RD |
|
New York Yankees batting - Pitching for Boston Red Sox : LHP Victor Rose
|
|
Batting: LHB Ron Hassey
|
0-0: Called Strike 0-1: Foul Ball, location: 2F 0-2: Foul Ball, location: 2F 0-2: Strikes out swinging
|
|
Batting: SHB Jerry Manuel
|
0-0: Ball 1-0: Ball 2-0: Foul Ball, location: 2F 2-1: Called Strike 2-2: Ball 3-2: Base on Balls
|
|
Batting: LHB Wade Boggs
|
0-0: Ball 1-0: Called Strike 1-1: SINGLE (Groundball, 6S, EV 73.1 MPH) (infield hit) Jerry Manuel to second
|
|
Batting: LHB Kent Hrbek
|
0-0: Called Strike 0-1: Called Strike 0-2: Ball 1-2: Ball 2-2: Ball 3-2: Fielders Choice at 2nd, 1-4 (Groundball, 15S, EV 72.5 MPH) Jerry Manuel to third
|
|
Batting: RHB Pedro Guerrero
|
0-0: Ball 1-0: Fly out, F8 (Flyball, 8LM, EV 91.3 MPH)
|
| Top of the 3rd over - 0 runs, 1 hit, 0 errors, 2 left on base; New York 0 - Boston 0 |
| BOTTOM OF THE 3RD |
|
Boston Red Sox batting - Pitching for New York Yankees : RHP Mike Parrott
|
|
Batting: LHB Daryl Sconiers
|
0-0: SINGLE (Groundball, 34S, EV 93.1 MPH) (infield hit)
|
|
Batting: RHB Kevin Klettke
|
0-0: Fly out, F8 (Flyball, 8LXD, EV 102.5 MPH)
|
|
Batting: RHB Josh Grimes
|
0-0: Ball 1-0: Ball 2-0: Foul Ball, location: 2F 2-1: Hit by Pitch Daryl Sconiers to second
|
|
Batting: SHB Nelson Norman
|
0-0: Called Strike Daryl Sconiers steals 3rd base 0-1: Called Strike 0-2: Fly out, F6 (Popup, 56, EV 71.3 MPH)
|
|
Batting: LHB Willie Aikens
|
0-0: Ball 1-0: Called Strike 1-1: Foul Ball, location: 2F 1-2: Ball 2-2: Strikes out swinging
|
| Bottom of the 3rd over - 0 runs, 1 hit, 0 errors, 2 left on base; New York 0 - Boston 0 |
| TOP OF THE 4TH |
|
New York Yankees batting - Pitching for Boston Red Sox : LHP Victor Rose
|
|
Batting: LHB George Kaage
|
0-0: Foul Ball, location: 2F 0-1: Foul Ball, location: 2F 0-2: Ball 1-2: Strikes out swinging
|
|
Batting: RHB David Hall
|
0-0: Ball 1-0: SOLO HOME RUN (Flyball, 7LD, EV 95.0 MPH), Distance : 357 ft
|
|
Batting: RHB Emanuel Cortez
|
0-0: Ball 1-0: Ball 2-0: Called Strike 2-1: Ground out 6-3 (Groundball, 6, EV 80.6 MPH)
|
|
Batting: SHB Tim Raines
|
0-0: Ground out 6-3 (Groundball, 6, EV 90.0 MPH)
|
| Top of the 4th over - 1 run, 1 hit, 0 errors, 0 left on base; New York 1 - Boston 0 |
| BOTTOM OF THE 4TH |
|
Boston Red Sox batting - Pitching for New York Yankees : RHP Mike Parrott
|
|
Batting: LHB George Brett
|
0-0: Ball 1-0: Foul Ball, location: 2F 1-1: Swinging Strike 1-2: Ball 2-2: SINGLE (Groundball, 3D, EV 97.5 MPH)
|
|
Batting: LHB Claudell Washington
|
0-0: Swinging Strike 0-1: Ball 1-1: Called Strike 1-2: Ball 2-2: Foul Ball, location: 2F 2-2: Strikes out swinging
|
|
Batting: RHB Richie Zisk
|
Pickoff Throw to First - Out! 1-3 0-0: Ball 1-0: Called Strike 1-1: Foul Ball, location: 2F 1-2: Strikes out swinging
|
| Bottom of the 4th over - 0 runs, 1 hit, 0 errors, 0 left on base; New York 1 - Boston 0 |
| TOP OF THE 5TH |
|
New York Yankees batting - Pitching for Boston Red Sox : LHP Victor Rose
|
|
Batting: LHB Ron Hassey
|
0-0: Called Strike 0-1: Ball 1-1: Fly out, F6 (Popup, 15S, EV 89.4 MPH)
|
|
Batting: SHB Jerry Manuel
|
0-0: Ball 1-0: Ball 2-0: Foul Ball, location: 2F 2-1: Called Strike 2-2: Ball 3-2: Foul Ball, location: 2F 3-2: SINGLE (Groundball, 5D, EV 101.3 MPH)
|
|
Batting: LHB Wade Boggs
|
0-0: Ball 1-0: Ball 2-0: Ball 3-0: Called Strike 3-1: Base on Balls Jerry Manuel to second
|
|
Batting: LHB Kent Hrbek
|
0-0: Called Strike Jerry Manuel steals 3rd base 0-1: Foul Ball, location: 2F 0-2: Ball 1-2: Foul Ball, location: 2F 1-2: Ball 2-2: Foul Ball, location: 2F 2-2: Ball 3-2: Foul Ball, location: 2F 3-2: DOUBLE (Line Drive, 8RXD, EV 105.0 MPH) Jerry Manuel scores Wade Boggs to third Runner from 3rd tries for Home, SAFE, throw by CF to home
|
|
Batting: RHB Pedro Guerrero
|
0-0: Called Strike 0-1: Ball 1-1: Ball 2-1: Foul Ball, location: 2F 2-2: Foul Ball, location: 2F 2-2: Foul Ball, location: 2F 2-2: Strikes out looking
|
|
Batting: LHB George Kaage
|
0-0: Foul Ball, location: 2F 0-1: Ball 1-1: Ball 2-1: Ball 3-1: Ground out 6-3 (Groundball, 6D, EV 107.5 MPH)
|
| Top of the 5th over - 2 runs, 2 hits, 0 errors, 1 left on base; New York 3 - Boston 0 |
| BOTTOM OF THE 5TH |
|
Boston Red Sox batting - Pitching for New York Yankees : RHP Mike Parrott
|
|
Batting: SHB Scotti Madison
|
0-0: Ball 1-0: Ball 2-0: Called Strike 2-1: Ground out 4-3 (Groundball, 4S, EV 83.8 MPH)
|
|
Batting: LHB Daryl Sconiers
|
0-0: Called Strike 0-1: Called Strike 0-2: Fly out, F9 (Flyball, 89D, EV 91.3 MPH)
|
|
Batting: RHB Kevin Klettke
|
0-0: Ball 1-0: Called Strike 1-1: Fly out, F8 (Line Drive, 8LM, EV 91.9 MPH)
|
| Bottom of the 5th over - 0 runs, 0 hits, 0 errors, 0 left on base; New York 3 - Boston 0 |
| TOP OF THE 6TH |
|
New York Yankees batting - Pitching for Boston Red Sox : LHP Victor Rose
|
|
Batting: RHB David Hall
|
0-0: Swinging Strike 0-1: Ball 1-1: Ball 2-1: Foul Ball, location: 2F 2-2: Foul Ball, location: 2F 2-2: Ground out 6-3 (Groundball, 56D, EV 87.5 MPH)
|
|
Pitching: LHP Gary Pickert
|
|
|
Batting: RHB Emanuel Cortez
|
0-0: Ball 1-0: Swinging Strike 1-1: Ball 2-1: Fly out, F8 (Flyball, 8LD, EV 101.9 MPH)
|
|
Batting: SHB Tim Raines
|
0-0: Ball 1-0: Called Strike 1-1: Ball 2-1: Swinging Strike 2-2: Ball 3-2: Fly out, F8 (Flyball, 8RD, EV 100.0 MPH)
|
| Top of the 6th over - 0 runs, 0 hits, 0 errors, 0 left on base; New York 3 - Boston 0 |
| BOTTOM OF THE 6TH |
|
Boston Red Sox batting - Pitching for New York Yankees : RHP Mike Parrott
|
|
Batting: RHB Josh Grimes
|
0-0: Ball 1-0: Ground out 5-3 (Groundball, 56, EV 88.8 MPH)
|
|
Batting: SHB Nelson Norman
|
0-0: Ball 1-0: Ball 2-0: Swinging Strike 2-1: Foul Ball, location: 2F 2-2: Strikes out swinging
|
|
Batting: LHB Willie Aikens
|
0-0: SOLO HOME RUN (Flyball, 89XD, EV 92.5 MPH), Distance : 467 ft
|
|
Batting: LHB George Brett
|
0-0: Foul Ball, location: 2F 0-1: Swinging Strike 0-2: Ball 1-2: Strikes out swinging
|
| Bottom of the 6th over - 1 run, 1 hit, 0 errors, 0 left on base; New York 3 - Boston 1 |
| TOP OF THE 7TH |
|
New York Yankees batting - Pitching for Boston Red Sox : LHP Gary Pickert
|
|
Batting: LHB Ron Hassey
|
0-0: Ball 1-0: Called Strike 1-1: Ball 2-1: Foul Ball, location: 2F 2-2: Hit by Pitch
|
|
Batting: SHB Jerry Manuel
|
0-0: Ball 1-0: Fielders Choice at 2nd, 5-4 (Groundball, 56, EV 86.3 MPH)
|
|
Batting: LHB Wade Boggs
|
0-0: Ball 1-0: Called Strike 1-1: Ball 2-1: Foul Ball, location: 2F 2-2: Fly out, F8 (Line Drive, 8RD, EV 91.3 MPH)
|
|
Batting: LHB Kent Hrbek
|
0-0: Ball 1-0: Foul Ball, location: 2F 1-1: Ball 2-1: Called Strike 2-2: Strikes out swinging
|
| Top of the 7th over - 0 runs, 0 hits, 0 errors, 1 left on base; New York 3 - Boston 1 |
| BOTTOM OF THE 7TH |
|
Boston Red Sox batting - Pitching for New York Yankees : RHP Mike Parrott
|
|
Batting: LHB Claudell Washington
|
0-0: Swinging Strike 0-1: Swinging Strike 0-2: Strikes out swinging
|
|
Batting: RHB Richie Zisk
|
0-0: Ball 1-0: Ball 2-0: Ball 3-0: Fly out, F4 (Popup, 4M, EV 73.1 MPH)
|
|
Batting: SHB Scotti Madison
|
0-0: Called Strike 0-1: Called Strike 0-2: Ball 1-2: Foul Ball, location: 2F 1-2: Strikes out swinging
|
| Bottom of the 7th over - 0 runs, 0 hits, 0 errors, 0 left on base; New York 3 - Boston 1 |
| TOP OF THE 8TH |
|
New York Yankees batting - Pitching for Boston Red Sox : LHP Gary Pickert
|
|
Batting: RHB Pedro Guerrero
|
0-0: Ball 1-0: Ball 2-0: Fly out, F7 (Line Drive, 78M, EV 93.1 MPH)
|
|
Batting: LHB George Kaage
|
0-0: Foul Ball, location: 2F 0-1: Ball 1-1: Ball 2-1: Foul Ball, location: 2F 2-2: Foul Ball, location: 2F 2-2: Ground out 4-3 (Groundball, 4, EV 80.6 MPH)
|
|
Batting: RHB David Hall
|
0-0: Called Strike 0-1: Ball 1-1: Foul Ball, location: 2F 1-2: Ground out 6-3 (Groundball, 6, EV 105.6 MPH)
|
| Top of the 8th over - 0 runs, 0 hits, 0 errors, 0 left on base; New York 3 - Boston 1 |
| BOTTOM OF THE 8TH |
|
Boston Red Sox batting - Pitching for New York Yankees : RHP Mike Parrott
|
|
Now in CF: Larry Hyman
|
|
|
Batting: LHB Daryl Sconiers
|
0-0: Swinging Strike 0-1: SINGLE (Groundball, 34D, EV 102.5 MPH)
|
|
Batting: RHB Kevin Klettke
|
0-0: Called Strike 0-1: Ball 1-1: Called Strike 1-2: Foul Ball, location: 2F 1-2: Foul Ball, location: 2F 1-2: Foul Ball, location: 2F 1-2: Foul Ball, location: 2F 1-2: Ball 2-2: Ball 3-2: Foul Ball, location: 2F 3-2: Base on Balls Daryl Sconiers to second
|
|
Batting: RHB Josh Grimes
|
0-0: Bunt missed! 0-1: Sac Bunt to 3S - play at third, runner OUT! 3-5 Kevin Klettke to second
|
|
Pinch Hitting: SHB Dave Collins
|
0-0: Called Strike 0-1: Fly out, F7 (Line Drive, 7, EV 92.5 MPH)
|
|
Batting: LHB Willie Aikens
|
0-0: Swinging Strike 0-1: Foul Ball, location: 2F 0-2: Ball 1-2: Ground out 4-3 (Groundball, 4, EV 104.4 MPH)
|
| Bottom of the 8th over - 0 runs, 1 hit, 0 errors, 2 left on base; New York 3 - Boston 1 |
| TOP OF THE 9TH |
|
New York Yankees batting - Pitching for Boston Red Sox : LHP Gary Pickert
|
|
Now at SS: Mark Grady
|
|
|
Batting: RHB Emanuel Cortez
|
0-0: Swinging Strike 0-1: Ground out 6-3 (Groundball, 6, EV 76.3 MPH)
|
|
Batting: SHB Larry Hyman
|
0-0: Called Strike 0-1: Swinging Strike 0-2: Strikes out swinging
|
|
Pitching: RHP Bruce Sutter
|
|
|
Batting: LHB Ron Hassey
|
0-0: Called Strike 0-1: DOUBLE (Line Drive, 7LM, EV 105.6 MPH)
|
|
Batting: SHB Jerry Manuel
|
0-0: Ball 1-0: Ball 2-0: Ground out 4-3 (Groundball, 4M, EV 85.6 MPH)
|
| Top of the 9th over - 0 runs, 1 hit, 0 errors, 1 left on base; New York 3 - Boston 1 |
| BOTTOM OF THE 9TH |
|
Boston Red Sox batting - Pitching for New York Yankees : RHP Mike Parrott
|
|
Batting: LHB George Brett
|
0-0: Called Strike 0-1: Swinging Strike 0-2: SINGLE (Line Drive, 4D, EV 100.6 MPH)
|
|
Batting: LHB Claudell Washington
|
0-0: Ball 1-0: Called Strike 1-1: Reached on error, E5 (Groundball, 56S, EV 82.5 MPH) George Brett to second
|
|
Batting: RHB Richie Zisk
|
0-0: Ball 1-0: Foul Ball, location: 2F 1-1: Swinging Strike 1-2: Fly out, F9 (Flyball, 9, EV 91.9 MPH) Runner from 2nd tags up, SAFE at 3rd with throw by RF
|
|
Pitching: RHP Manny Sarmiento
|
|
|
Pinch Hitting: RHB Jeff Burroughs
|
0-0: Ball 1-0: Foul Ball, location: 2F 1-1: Ball 2-1: Ball 3-1: SINGLE (Line Drive, 9S, EV 91.9 MPH) George Brett scores Claudell Washington to second Runner from 2nd tries for 3rd, SAFE, throw by RF made to third
|
|
Batting: LHB Daryl Sconiers
|
0-0: Swinging Strike 0-1: Swinging Strike 0-2: Ball 1-2: Ball 2-2: Ball 3-2: Strikes out swinging
|
|
Pinch Hitting: SHB Phil Ouellette
|
0-0: Ball 1-0: Ball 2-0: Ball 3-0: Called Strike 3-1: Base on Balls Jeff Burroughs to second
|
|
Batting: RHB Josh Grimes
|
0-0: Foul Ball, location: 2F 0-1: SINGLE (Line Drive, 89S, EV 93.8 MPH) Claudell Washington scores Jeff Burroughs to third Phil Ouellette to second Runner from 3rd tries for Home, SAFE, throw by RF to home
|
| Bottom of the 9th over - 3 runs, 3 hits, 1 error, 0 left on base; New York 3 - Boston 4 |
|